 Dungeon Crawl Stone Soup version 0.27-a0-1548-gf8a67e7463 (console) character file.

Game seed: 2700645065980260537

182 jejorda2 the Poker (level 5, -2/43 HPs)
             Began as a Merfolk Berserker on July 13, 2021.
             Was a Believer of Trog.
             Slain by a quokka (4 damage)
             ... summoned by Eustachio
             ... on level 4 of the Dungeon.
             The game lasted 00:04:05 (2753 turns).

jejorda2 the Poker (Merfolk Berserker)              Turns: 2753, Time: 00:04:06

Health: -2/43      AC:  9    Str: 18    XL:     5   Next: 61%
Magic:  5/5        EV:  8    Int:  7    God:    Trog [**....]
Gold:   115        SH:  0    Dex: 13    Spells: 4/4 levels left

rFire    . . .     SeeInvis .   a - +0 spear
rCold    . . .     Faith    .   (no shield)
rNeg     . . .     Spirit   .   c - +0 chain mail
rPois    .         Reflect  .   (no helmet)
rElec    .         Harm     .   (no cloak)
rCorr    .         Rampage  .   e - +0 pair of gloves
Will     .....                  (no boots)
Stlth    ..........             (no amulet)
HPRegen  0.14/turn              (no ring)
MPRegen  0.09/turn              (no ring)

@: on berserk cooldown, slowed, very slow
A: (nimble swimmer 2), mertail
a: Renounce Religion, Berserk, Trog's Hand


You were on level 4 of the Dungeon.
You worshipped Trog.
Trog was pleased with you.
You visited 1 branch of the dungeon, and saw 4 of its levels.

You collected 159 gold pieces.
You spent 44 gold pieces at shops.

Inventory:

Hand Weapons
 a - a +0 spear (weapon)
Armour
 c - a +0 chain mail (worn)
 e - a +0 pair of gloves (worn)
Scrolls
 b - a scroll of enchant armour {unknown}
 d - a scroll of teleportation {unknown}
 f - a scroll of identify {unknown}
 l - a scroll of brand weapon {unknown}
 m - a scroll of magic mapping {unknown}
Potions
 g - a potion of heal wounds {unknown}
 h - a potion of resistance {unknown}
 i - a potion of ambrosia {unknown}
 j - a potion of cancellation {unknown}
 k - 2 potions of lignification {unknown}
 n - a potion of flight {unknown}
 o - 2 potions of curing {unknown}


   Skills:
 + Level 4.3 Fighting
 * Level 7.0 Polearms
 + Level 2.3 Armour
 - Level 2.6 Dodging


You had 4 spell levels left.
You didn't know any spells.
Your spell library was empty.

Dungeon Overview and Level Annotations

Branches:
Dungeon (4/15)
 Temple: D:4-7

Altars:

Shops:
D:3 *

Annotations:
D:4 Eustachio


Innate Abilities, Weirdness & Mutations

((You are quick and stealthy near water. (Stealth+, EV+, Speed+++)))
Your lower body shifts to a powerful aquatic tail in water.


Message History

Eustachio blinks!
The white imp completely misses you. The quokka barely misses you.
You closely miss the river rat.
The river rat bites you but does no damage.
The quokka bites you but does no damage.
The white imp hits you but does no damage.
You feel the effects of Trog's Hand fading.
The river rat bites you but does no damage.
The white imp barely misses you.
The quokka bites you but does no damage.
The river rat bites you. The white imp gestures at you.
The puff of frost hits you.
Eustachio hits you with a +0 vorpal falchion.
* * * LOW HITPOINT WARNING * * *
The quokka bites you.
* * * LOW HITPOINT WARNING * * *
The river rat bites you but does no damage.
The quokka barely misses you.
Eustachio hits you with a +0 vorpal falchion.
* * * LOW HITPOINT WARNING * * *
x2 The quokka barely misses you. x2; Eustachio barely misses you.
The quokka bites you but does no damage.
The river rat completely misses you.
The white imp disappears in a puff of smoke!
The quokka bites you.
* * * LOW HITPOINT WARNING * * *
The river rat bites you!
* * * LOW HITPOINT WARNING * * *
The quokka bites you but does no damage.
The quokka bites you.
* * * LOW HITPOINT WARNING * * *
Eustachio barely misses you.
Unknown command.
Unknown command.
Your skin stops crawling.
You feel less strong-willed. The quokka closely misses you.
The river rat bites you but does no damage.
The quokka bites you.
You die...

#..........#
#..........#
#..........# .
#..........# ..
...........
..###......##
........@...####.
#....r@.......
#....rr.#####.
#....#....#
#....)#
######)......
))..... .......


You could see Eustachio, a river rat (summoned), 2 quokkas and a rat (summoned).

Vanquished Creatures
  A hound (D:4)
  Jessica (D:2)
  4 gnolls (D:4)
  An adder (D:3)
  3 worms (D:2)
  3 dart slugs
  2 endoplasms (D:1)
  A giant cockroach (D:4)
  4 goblins (D:2)
  7 hobgoblins
  12 jackals
  4 kobolds
  A quokka (D:1)
  8 ball pythons
  4 bats
  A frilled lizard (D:2)
  5 rats
62 creatures vanquished.

Vanquished Creatures (others)
  A withered plant (D:2)
1 creature vanquished.

Grand Total: 63 creatures vanquished

Notes
Turn   | Place    | Note
-------+----------+-------------------------------------------
     0 | D:1      | jejorda2 the Merfolk Berserker began the quest for the Orb.
     0 | D:1      | Reached XP level 1. HP: 18/18 MP: 1/1
   199 | D:1      | Reached XP level 2. HP: 24/24 MP: 2/2
   252 | D:1      | Reached skill level 5 in Polearms
   770 | D:1      | Reached XP level 3. HP: 28/29 MP: 3/3
  1031 | D:2      | Reached ** piety under Trog
  1208 | D:2      | Noticed Jessica
  1217 | D:2      | Killed Jessica
  1218 | D:2      | Reached XP level 4. HP: 37/37 MP: 4/4
  1222 | D:2      | Reached skill level 6 in Polearms
  1825 | D:2      | Found a faded altar of an unknown god.
  2154 | D:3      | Found Deheciolu's Assorted Antiques.
  2162 | D:3      | Bought a scroll labelled MYERPH BUTAO for 22 gold pieces
  2162 | D:3      | Bought a scroll labelled NULUUTH LOEL for 22 gold pieces
  2720 | D:4      | Reached XP level 5. HP: 42/42 MP: 5/5
  2727 | D:4      | Noticed Eustachio
  2735 | D:4      | Reached skill level 7 in Polearms
  2752 | D:4      | HP: 2/43 [quokka[Eustachio] (1)]
  2753 | D:4      | Slain by a quokka

Illustrated notes

Levels and vault maps discovered:
D:1:      shiori_arrival_elements, layout_basic, grunt_decor_one_mirror
D:2:      layout_basic, ebering_ecumenical_altar_petrified, uniq_jessica
D:3:      layout_basic, serial_shops, shop
D:4:      layout_rooms, worldfamousw_hep_ancestral_shrine, uniq_eustachio

Skill      XL: |  1  2  3  4  5 |
---------------+----------------+-----
Polearms       | 5 6 7 |  7.0
Armour         | 2 |  2.3
Fighting       | 4 |  4.3
Dodging        | |  2.6

Action                   |  1- 3 |  4- 6 || total
-------------------------+-------+-------++-------
Melee: Spear             |   123 |   120 ||   243
Invok: Berserk           |     1 |     1 ||     2
       Trog's Hand       |       |     1 ||     1
Armor: Chain mail        |    41 |    58 ||    99
Dodge: Dodged            |    39 |    46 ||    85

Table legend: (Time is in decaauts)
 A = Elapsed time spent in this place.
 B = Non-inter-level travel time spent in this place.
 C = Inter-level travel time spent in this place.
 D = Time resting spent in this place.
 E = Time spent auto-exploring this place.
 F = Levels seen in this place.
 G = Mean time per level.
                   A        B        C        D        E       F      G
               +--------+--------+--------+--------+--------+-----+--------+
         Total |   2715 |   2561 |    154 |     29 |   2164 |   4 |  678.8 |
       Dungeon |   2715 |   2561 |    154 |     29 |   2164 |   4 |  678.8 |
               +--------+--------+--------+--------+--------+-----+--------+

Top non-repeatable levels by time:
     D:2: 1002 daAuts
     D:1: 997 daAuts
     D:3: 680 daAuts
     D:4: 35 daAuts
